 Dungeon Crawl Stone Soup version 0.19.5 (webtiles) character file.

695 Jerry the Firebug (level 7, -2/41 HPs)
             Began as an Octopode Fire Elementalist on Apr 15, 2017.
             Splashed by a jelly's acid (7 damage)
             ... on level 5 of the Dungeon on Apr 16, 2017.
             The game lasted 00:21:14 (6069 turns).

Jerry the Firebug (Octopode Fire Elementalist)      Turns: 6069, Time: 00:21:15

Health: -2/41      AC: -2    Str:  7    XL:     7   Next: 64%
Magic:  11/13      EV: 14    Int: 19    God:
Gold:   68         SH:  0    Dex: 13    Spells: 4 memorised, 4 levels left

rFire  . . .     SeeInvis .     i - +2 dagger (venom)
rCold  . . .     Gourm    .     (no shield)
rNeg   . . .     Faith    .     f - +1 hat
rPois  .         Spirit   .     (no amulet)
rElec  .         Reflect  .     (no ring)
rCorr  .         Harm     .     (no ring)
MR     .....                    (no ring)
Stlth  ++++......               (no ring)
                                (no ring)
                                (no ring)
                                (no ring)
                                (no ring)

@: corroded
A: almost no armour, stealthy swim, amphibious, 8 rings, constrict 8, camouflage
1, gelatinous body 1
a: no special abilities


You were on level 5 of the Dungeon.
You were not hungry.

You visited 1 branch of the dungeon, and saw 5 of its levels.

You collected 211 gold pieces.
You spent 143 gold pieces at shops.

Inventory:

Hand Weapons
 i - a +2 dagger of venom (weapon)
Armour
 f - a +1 hat (worn)
Magical Staves
 q - an uncursed staff of death
Wands
 m - a wand of teleportation (3/9)
 r - a wand of paralysis (22/24)
Scrolls
 c - a scroll of identify
 d - 3 scrolls of teleportation
 v - 2 scrolls of remove curse
 w - a scroll of fog
 x - a scroll of recharging
 y - a scroll of noise {unknown}
Potions
 e - 2 potions of lignification
 g - a potion of flight
 k - a potion of ambrosia
 n - a potion of might
 o - a potion of cure mutation {unknown}
 p - 3 potions of curing
 s - a potion of cancellation {unknown}
 t - 2 potions of degeneration {unknown}
Books
 a - a book of Flames

   Spells                             Type                      Level
   a - Flame Tongue                   Conjuration/Fire             1
   b - Throw Flame                    Conjuration/Fire             2
   c - Conjure Flame                  Conjuration/Fire             3
   d - Inner Flame                    Hexes/Fire                   3
   e - Sticky Flame                   Conjuration/Fire             4
   f - Fireball                       Conjuration/Fire             5
Comestibles
 b - 4 bread rations
 h - 2 meat rations
 j - a slice of pizza
 l - 5 chunks of flesh
 u - a beef jerky


   Skills:
 - Level 3.5 Dodging
 - Level 4.4 Stealth
 + Level 4.1 Spellcasting
 + Level 4.1 Conjurations
 + Level 4.9 Fire Magic


You had 4 spell levels left.
You knew the following spells:

 Your Spells              Type           Power        Failure   Level  Hunger
a - Flame Tongue          Conj/Fire      ###..        1%          1    None
b - Throw Flame           Conj/Fire      ###...       3%          2    ##.....
c - Conjure Flame         Conj/Fire      ###.....     8%          3    ###....
d - Sticky Flame          Conj/Fire      ###.....     21%         4    ####...


Dungeon Overview and Level Annotations

Branches:
Dungeon (5/15)
 Temple: D:4-7

Altars:
Cheibriados
Gozag
Kikubaaqudgha
Okawaru
Sif Muna

Shops:
D:4 ?


Innate Abilities, Weirdness & Mutations

You cannot wear most types of armour.
You are very stealthy in the water. (Stealth+)
You are amphibious.
You can wear up to eight rings at the same time.
You can use your tentacles to constrict eight enemies at once.
Your skin changes colour to match your surroundings (Stealth+).
Your rubbery body absorbs attacks. (AC +1, EV +1)


Message History

Confirm with . or Enter, or press ? or * to list all spells.
Aiming: Flame Tongue
Press: ? - help, Shift-Dir - straight line, f - jelly
Aim: a jelly (moderately wounded)
The flame tongue hits the jelly.
The jelly is heavily wounded.
The jelly hits you. The acid corrodes you!
You are splashed with acid!
The acid burns!
* * * LOW HITPOINT WARNING * * *
Casting: Flame Tongue
Confirm with . or Enter, or press ? or * to list all spells.
Aiming: Flame Tongue
Press: ? - help, Shift-Dir - straight line, f/p - jelly
Aim: a jelly (heavily wounded)
The flame tongue hits the jelly.
The jelly is almost dead.
The jelly hits you.
* * * LOW HITPOINT WARNING * * *
You are splashed with acid!
The acid burns!
You die...

#. #.#.#.# .. ####### #.
. #..... #. #. ####[#
.#####> #.## ##..#
.h.....### #...#####...#
#...##### #...#...#.#
#..#...).#####..[..#.#
#.##J@.#....###.##...#
##.##...####รท.##.####..
........# ##.#...# #.#
#..##...# #...#.###.#
.... #...# ##.....#..#
.....#...######..##....#
. ..######.....#####...
... #..###.# ##.## #..
#.#....# #..##


You could see a jelly.

Vanquished Creatures
  An ogre (D:4)
  3 orc priests
  A jelly (D:5)
  A hound (D:4)
  2 orc wizards (D:5)
  2 iguanas
  A worker ant (D:5)
  A hound skeleton (D:4)
  8 gnolls
  6 adders
  3 shadow imps (D:5)
  An ooze (D:3)
  3 adder skeletons
  2 worms
  3 dart slugs
  A leopard gecko (D:1)
  22 orcs
  A ball python (D:5)
  8 giant cockroaches
  8 goblins
  5 hobgoblins
  14 jackals
  12 kobolds
  A quokka (D:3)
  13 bats
  5 frilled lizards
  A quokka skeleton (D:4)
  10 rats
139 creatures vanquished.

Notes
Turn   | Place    | Note
-------+----------+-------------------------------------------
     0 | D:1      | Jerry the Octopode Fire Elementalist began the quest for the Orb.
     0 | D:1      | Reached XP level 1. HP: 11/11 MP: 3/3
   445 | D:1      | Reached XP level 2. HP: 17/17 MP: 1/5
   867 | D:1      | Reached XP level 3. HP: 21/21 MP: 6/6
   878 | D:1      | Learned a level 2 spell: Throw Flame
   882 | D:1      | Learned a level 3 spell: Conjure Flame
  1439 | D:2      | Reached XP level 4. HP: 27/27 MP: 7/7
  1615 | D:2      | Found a snail-covered altar of Cheibriados.
  1664 | D:2      | Found an opulent altar of Gozag.
  2059 | D:3      | Found a deep blue altar of Sif Muna.
  2475 | D:3      | Reached XP level 5. HP: 31/31 MP: 4/9
  3227 | D:4      | Found Uvaumape's Magic Scroll Boutique.
  3237 | D:3      | Reached XP level 6. HP: 20/36 MP: 3/10
  3417 | D:4      | Bought a scroll of identify for 26 gold pieces
  3417 | D:4      | Bought a scroll of remove curse for 39 gold pieces
  3417 | D:4      | Bought a scroll of random uselessness for 13 gold pieces
  3417 | D:4      | Bought a scroll of teleportation for 39 gold pieces
  3417 | D:4      | Bought a scroll of fog for 26 gold pieces
  4074 | D:4      | Learned a level 4 spell: Sticky Flame
  4321 | D:4      | Found an ancient bone altar of Kikubaaqudgha.
  4373 | D:5      | Entered Level 5 of the Dungeon
  4812 | D:5      | Reached XP level 7. HP: 41/41 MP: 3/12
  5999 | D:5      | Found an iron altar of Okawaru.
  6069 | D:5      | Splashed by a jelly's acid

Skill      XL: |  1  2  3  4  5  6  7 |
---------------+----------------------+-----
Stealth        | 3 4 |  4.4
Conjurations   | 2 3 4 |  4.1
Dodging        | 3 |  3.5
Fire Magic     | 4 |  4.9
Spellcasting   | 3 4 |  4.1

Action                   |  1- 3 |  4- 6 |  7- 9 || total
-------------------------+-------+-------+-------++-------
Melee: Unarmed           |     5 |       |       ||     5
       Constrict         |    11 |    22 |    11 ||    44
       Tentacles         |     3 |    15 |     7 ||    25
       Dagger            |    53 |    93 |    35 ||   181
 Cast: Flame Tongue      |    23 |    44 |    21 ||    88
       Throw Flame       |     1 |    24 |    19 ||    44
  Use: Scroll            |       |    11 |       ||    11
 Stab: Sleeping          |    12 |    15 |     1 ||    28
  Eat: Chunk             |     2 |    11 |     5 ||    18
Armor: Skin              |     6 |    27 |     4 ||    37
Dodge: Dodged            |    42 |    93 |    25 ||   160
